 Dungeon Crawl Stone Soup version 0.31-a0-177-g4aa6249778 (webtiles) character file.

Game seed: 13509395474019677766

400 qw the Chopper (level 6, -6/39 HPs)
             Began as a Gargoyle Fighter on June 18, 2023.
             Killed from afar by an orc wizard (9 damage)
             ... with a puff of flame
             ... on level 4 of the Dungeon.
             The game lasted 00:01:34 (2985 turns).

qw the Chopper (Gargoyle Fighter)                   Turns: 2985, Time: 00:01:35

Health: -6/39      AC: 16    Str: 26    XL:     6   Next: 84%
Magic:  6/6        EV: 23    Int:  8    God:
Gold:   138        SH:  0    Dex:  9    Spells: 5/5 levels left

rFire   . . .        Y - +1 war axe
rCold   . . .        c - +0 buckler
rNeg    + . .        n - +0 chain mail
rPois   inf          i - +2 hat
rElec   +            (no cloak)
rCorr   .            q - +0 pair of gloves
SInv    +            (no boots)
Will    .....        h - amulet of the acrobat Stlth
                     f - ring "Qynt" {Str+4 Slay-4 SInv Stlth+}
HPRegen 0.26/turn    (no ring)
MPRegen 0.10/turn

%: acrobat
@: confused, acrobatic
A: sickness immunity, AC +4, negative energy resistance 1, electricity
resistance, torment resistance 1, petrification resistance
a: no special abilities


You were on level 4 of the Dungeon.
You visited 1 branch of the dungeon, and saw 4 of its levels.

You collected 138 gold pieces.


Innate Abilities, Weirdness & Mutations

You are immune to sickness and miasma.
Your stone body is resilient. (AC +4)
You are immune to poison.
You resist negative energy. (rN+)
You are resistant to electric shocks. (rElec)
You are resistant to unholy torment.
You are immune to petrification.


   Skills:
 - Level 4.7 Fighting
 + Level 5.4 Axes
 - Level 1.6 Throwing
 - Level 3.2 Armour
 - Level 3.2 Shields


You had 5 spell levels left.
You didn't know any spells.
Your spell library was empty.

Inventory:

Hand Weapons
 j - a +0 flail of protection
 Y - a +1 war axe (weapon)
Missiles
 k - 4 javelins (quivered)
Armour
 c - a +0 buckler (worn)
 i - a +2 hat (worn)
 n - a +0 chain mail (worn)
 q - a +0 pair of gloves (worn)
Jewellery
 f - the ring "Qynt" (left hand) {Str+4 Slay-4 SInv Stlth+}
   (You found it on level 2 of the Dungeon)

   [ring of see invisible]

   Str:       It affects your strength (+4).
   Slay:      It affects your accuracy & damage with ranged weapons and melee
   (-4).
   SInv:      It lets you see invisible.
   Stlth:     It makes you more stealthy.
 h - an amulet of the acrobat (around neck)
Scrolls
 g - a scroll of poison {unknown}
 l - a scroll of identify
 o - a scroll of enchant armour {unknown}
Potions
 a - a potion of enlightenment
 b - a potion of cancellation {unknown}
 d - a potion of might
 e - a potion of curing {unknown}
 m - a potion of lignification {unknown}

Dungeon Overview and Level Annotations

Branches:
Dungeon (4/15)
 Temple: D:4-7

Altars:
Hepliaklqana


Message History

You hit the orc wizard but do no damage.
You closely miss the orc. You block the orc's attack.
The orc priest completely misses you. The orc wizard barely misses you.
You completely miss the orc priest. You barely miss the orc wizard.
You closely miss the orc.
The orc priest hits you but does no damage.
The orc wizard hits you but does no damage.
The orc priest invokes the aid of Beogh against you.
Beogh smites you!
The orc wizard hits you but does no damage.
The orc wizard hits you with a +0 dagger.
The orc hits you with a +0 dagger.
You slash the orc priest!
You kill the orc priest!
You closely miss the orc wizard. You hit the orc. You slash the orc wizard!
The orc wizard casts a spell at you.
The puff of flame hits you but does no damage.
The orc hits you but does no damage.
The orc wizard points at you and mumbles some strange words.
You are confused.
The orc wizard closely misses you. x2; The orc closely misses you.
The orc wizard hits you but does no damage.
The orc wizard barely misses you. The orc barely misses you.
The orc wizard completely misses you.
The orc wizard hits you but does no damage.
The orc hits you with a +0 dagger.
The orc wizard gestures at you while chanting.
The magic dart hits you! The orc hits you but does no damage.
The orc wizard misses you. The orc wizard completely misses you.
The orc completely misses you. The orc wizard barely misses you.
The orc wizard hits you but does no damage.
The orc misses you.
The orc wizard points at you and mumbles some strange words.
You are more confused.
The orc wizard closely misses you.
The orc wizard gestures at you while chanting.
The puff of flame hits you!
You die...

######### .......
...... .....
################(..#
..............##...#
..............#oo).#
..............#o@..#
..............#....#
..............#)...#
..............#....#
########......##'####
.......#............#
.......#............#
.......#............#
..######............#


You could see 2 orc wizards and an orc.

Vanquished Creatures
  Menkaure (D:4)
  A phantom (D:4)
  An orc priest (D:4)
  An orc wizard (D:3)
  Terence (D:2)
  3 adders
  2 worms (D:3)
  14 orcs
  6 ball pythons
  7 endoplasms
  4 giant cockroaches
  5 goblins
  6 hobgoblins
  3 jackals (D:1)
  4 kobolds
  5 quokkas
  7 bats
  4 frilled lizards
  7 rats
82 creatures vanquished.

Notes
Turn   | Place    | Note
-------+----------+-------------------------------------------
     0 | D:1      | qw the Gargoyle Fighter began the quest for the Orb.
     0 | D:1      | Reached XP level 1. HP: 14/14 MP: 1/1
     0 | D:1      | 0 ||| qw: Version: 0.3-a-7-ge0c9b40
     0 | D:1      | 0 ||| qw: Game counter: 849
     0 | D:1      | 0 ||| qw: Always use a shield: true
     0 | D:1      | 0 ||| qw: God list: Okawaru
     0 | D:1      | 0 ||| qw: Allow faded altars: false
     0 | D:1      | 0 ||| qw: Do Orc after D:15 true
     0 | D:1      | 0 ||| qw: Do second Lair branch before Depths: true
     0 | D:1      | 0 ||| qw: Lair rune preference: random
     0 | D:1      | 0 ||| qw: Plans: Normal, Zot:1-4, Slime:5, God:TSO, Crypt,
                  | Tomb, Abyss, Pan, Hells, Win
     0 | D:1      | 0 ||| PLANNING D:1-11
    43 | D:1      | Reached skill level 2 in Axes
   168 | D:1      | Reached XP level 2. HP: 19/19 MP: 2/2
   289 | D:1      | 289 ||| Stepping ~*~*~tactically~*~*~ (stealth).
   406 | D:1      | Reached skill level 3 in Axes
   511 | D:1      | Reached XP level 3. HP: 23/23 MP: 3/3
   917 | D:1      | 917 ||| UPGRADING to +2 hat.
   922 | D:1      | 922 ||| UPGRADING to amulet of the acrobat.
   927 | D:1      | 927 ||| READING scroll labelled ETENWO WODOED.
   931 | D:1      | 931 ||| READING scroll labelled LENELU UVAITUSCH.
   932 | D:1      | 932 ||| READING scroll labelled DEZEDI COCUKK.
  1059 | D:2      | Identified the ring "Qynt" {Str+4 Slay-4 SInv Stlth+}
  1331 | D:2      | Reached XP level 4. HP: 28/28 MP: 4/4
  1446 | D:2      | Noticed Terence
  1453 | D:2      | Killed Terence
  1454 | D:2      | Reached skill level 1 in Throwing
  1567 | D:2      | Found a hazy altar of Hepliaklqana.
  1568 | D:2      | 1568 ||| DROPPING +0 club.
  1895 | D:2      | 1895 ||| UPGRADING to ring "Qynt" {Str+4 Slay-4 SInv
                  | Stlth+}.
  1896 | D:2      | 1896 ||| READING scroll labelled DIKKAW ONODEA.
  1981 | D:3      | 1981 ||| DROPPING +0 mace.
  2052 | D:3      | Reached skill level 4 in Axes
  2209 | D:3      | Reached XP level 5. HP: 16/32 MP: 5/5
  2217 | D:3      | 2217 ||| Stepping ~*~*~tactically~*~*~ (stealth).
  2230 | D:3      | 2230 ||| Stepping ~*~*~tactically~*~*~ (stealth).
  2315 | D:3      | 2315 ||| Stepping ~*~*~tactically~*~*~ (stealth).
  2320 | D:3      | Identified the +0 short sword of Ziuzav {freeze, rElec}
  2367 | D:3      | 2367 ||| Stepping ~*~*~tactically~*~*~ (stealth).
  2538 | D:3      | 2538 ||| DROPPING +0 flail.
  2579 | D:3      | 2579 ||| UPGRADING to +0 chain mail.
  2589 | D:3      | 2589 ||| DROPPING +0 scale mail.
  2590 | D:3      | 2590 ||| UPGRADING to +0 pair of gloves.
  2595 | D:3      | 2595 ||| READING scroll labelled NUABBESHUH.
  2596 | D:3      | 2596 ||| READING scroll labelled DALOCRUX PIMAG.
  2597 | D:3      | 2597 ||| DRINKING 2 red potions.
  2598 | D:3      | 2598 ||| READING 2 scrolls of identify.
  2598 | D:3      | 2598 ||| IDENTIFYING coppery potion
  2599 | D:3      | 2599 ||| DROPPING potion of invisibility.
  2630 | D:4      | Noticed a phantom
  2653 | D:4      | Killed a phantom
  2654 | D:4      | Reached skill level 5 in Axes
  2654 | D:4      | Reached XP level 6. HP: 30/37 MP: 6/6
  2868 | D:4      | Noticed Menkaure
  2869 | D:4      | 2869 ||| Stepping ~*~*~tactically~*~*~ (hiding).
  2870 | D:4      | 2870 ||| Stepping ~*~*~tactically~*~*~ (hiding).
  2878 | D:4      | Killed Menkaure
  2982 | D:4      | HP: 2/39 [orc wizard/magic dart (8)]
  2985 | D:4      | Killed from afar by an orc wizard

Levels and vault maps discovered:
D:1:      elethiomel_arrival_quiet, layout_loops_corners
D:2:      layout_loops_corners, basic_altar, minmay_split_cup_large,
          uniq_terence
D:3:      layout_rooms
D:4:      layout_gridville, uniq_menkaure

Skill      XL: |  1  2  3  4  5  6 |
---------------+-------------------+-----
Axes           | 2 3 4 5 |  5.4
Throwing       | 1 |  1.6
Fighting       | 4 |  4.7
Armour         | |  3.2
Shields        | |  3.2

Action                     |  1- 3 |  4- 6 || total
---------------------------+-------+-------++-------
  Melee: War axe           |   135 |   132 ||   267
  Throw: Javelin           |     3 |    46 ||    49
    Use: Scroll            |     3 |     4 ||     7
         Potion            |       |     1 ||     1
 Armour: Scale mail        |    75 |    58 ||   133
         Chain mail        |       |    25 ||    25
  Dodge: Dodged            |    71 |    99 ||   170
  Block: Buckler           |    25 |    21 ||    46

Table legend:
 A = Non-vault XP
 B = Vault XP
 C = Vault XP percentage of total XP
 D = Non-vault monster count
 E = Vault monster count
 F = Vault count percentage of total count
                 A         B        C        D         E       F
            +---------+---------+-------+---------+---------+-------
      Total |     348 |     224 |  39.2 |      76 |       6 |   7.3
            +---------+---------+-------+---------+---------+-------
        D:1 |      46 |       0 |   0.0 |      26 |       0 |   0.0
        D:2 |      34 |      49 |  59.0 |      13 |       5 |  27.8
        D:3 |     108 |       0 |   0.0 |      27 |       0 |   0.0
        D:4 |     160 |     175 |  52.2 |      10 |       1 |   9.1
            +---------+---------+-------+---------+---------+-------
